 Dungeon Crawl Stone Soup version 0.30-a0-715-gdb4ae3ece1 (webtiles) character file.

Game seed: 12790308040441001403

2483 wormed the Thaumaturge (level 9, -4/66 HPs)
             Began as a Gnoll Wanderer on Jan 24, 2023.
             Was a Follower of Cheibriados.
             Slain by an orc wizard
             ... wielding a +0 dagger of electrocution
              (12 damage)
             ... on level 7 of the Dungeon.
             The game lasted 00:11:30 (8350 turns).

wormed the Thaumaturge (Gnoll Wanderer)             Turns: 8350, Time: 00:11:31

Health: -4/66      AC:  5    Str: 15    XL:     9   Next: 52%
Magic:  22/25      EV: 19    Int: 15    God:    Cheibriados [*.....]
Gold:   304        SH:  0    Dex: 15    Spells: 28/32 levels left

rFire   . . .      SeeInvis .    a - staff of death
rCold   . . .      Faith    .    (no shield)
rNeg    + . .      Spirit   .    t - +1 robe {Archmagi}
rPois   +          Reflect  .    (no helmet)
rElec   .          Harm     .    (no cloak)
rCorr   .          Rampage  .    x - +0 pair of gloves
Will    .....      Archmagi +    m - +0 pair of boots
Stlth   +++                      v - amulet of regeneration
HPRegen 0.31/turn                i - +5 ring of evasion
MPRegen 0.19/turn                n - ring of poison resistance

@: very slow
A: fangs 1, strong nose, distributed training
a: Renounce Religion, Bend Time


You were on level 7 of the Dungeon.
You worshipped Cheibriados.
Cheibriados was aware of your devotion.
You visited 2 branches of the dungeon, and saw 9 of its levels.

You collected 304 gold pieces.

Inventory:

Hand Weapons
 e - a +2 whip of freezing
 q - a +0 dagger of venom
Missiles
 p - 9 poisoned darts (quivered)
Armour
 m - a +0 pair of boots (worn)
 t - a +1 robe of the Archmagi (worn)
 x - a +0 pair of gloves (worn)
Magical Staves
 a - a staff of death (weapon)
Jewellery
 d - a ring of ice
 i - a +5 ring of evasion (left hand)
 n - a ring of poison resistance (right hand)
 v - an amulet of regeneration (around neck)
Scrolls
 c - a scroll of identify
 g - a scroll of teleportation
 h - 2 scrolls of vulnerability
 l - a scroll of amnesia
Potions
 b - 2 potions of brilliance
 f - 3 potions of flight
 j - 2 potions of cancellation
 k - a potion of lignification
 o - 2 potions of mutation
 s - a potion of attraction {unknown}
 u - 2 potions of ambrosia {unknown}
 z - 2 potions of might {unknown}


   Skills:
 + Level 4.5 Fighting
 + Level 4.5 Short Blades
 + Level 4.5 Long Blades
 + Level 4.5 Axes
 + Level 4.5 Maces & Flails
 + Level 4.5 Polearms
 + Level 4.5 Staves
 + Level 4.5 Ranged Weapons
 + Level 4.5 Throwing
 + Level 4.5 Armour
 + Level 4.5 Dodging
 + Level 4.5 Stealth
 + Level 4.5 Shields
 + Level 4.5 Unarmed Combat
 + Level 12.1 Spellcasting
 + Level 4.3 Conjurations
 + Level 3.7 Hexes
 + Level 3.7 Summonings
 + Level 3.7 Necromancy
 + Level 3.7 Translocations
 + Level 3.7 Transmutations
 + Level 3.7 Fire Magic
 + Level 3.7 Ice Magic
 + Level 3.7 Air Magic
 + Level 3.7 Earth Magic
 + Level 3.7 Poison Magic
 + Level 5.0 Invocations
 + Level 8.0 Evocations


You had 28 spell levels left.
You knew the following spells:

 Your Spells              Type           Power      Damage    Failure   Level
a - Summon Small Mammal   Summ           100%       N/A       1%          1
b - Call Canine Familiar  Summ           30%        N/A       4%          3

Your spell library contained the following spells:

 Spells                   Type           Power      Damage    Failure   Level
 Necrotise                Necr           100%       1d9       1%          1
 Shock                    Conj/Air       100%       1d9       1%          1
 Ensorcelled Hibernation  Hex/Ice        60%        N/A       2%          2
 Momentum Strike          Conj/Tloc      62%        3d9       2%          2
 Passwall                 Tmut/Erth      25%        N/A       2%          2
 Wereblood                Tmut           30%        N/A       2%          2
 Dazzling Flash           Conj/Hex       62%        N/A       4%          3
 Portal Projectile        Hex/Tloc       60%        N/A       4%          3
 Summon Guardian Golem    Hex/Summ       30%        N/A       4%          3
 Swiftness                Air            30%        N/A       4%          3
 Vampiric Draining        Necr           45%        2d9       4%          3
 Agony                    Necr           45%        N/A       43%         5
 Yara's Violent Unravell  Hex/Tmut       15%        3d8       43%         5
 Enfeeble                 Hex            15%        N/A       100%        7


Dungeon Overview and Level Annotations

Branches:
Dungeon (8/15)             Temple (1/1) D:6
   Lair: D:8-11

Altars:
Cheibriados
Fedhas
Hepliaklqana
Kikubaaqudgha
Okawaru
Qazlal
Sif Muna
Vehumet
Wu Jian
Xom
Zin

Shops:
D:2 :   D:4 (   D:6 ?

Annotations:
D:5 Crazy Yiuf
D:7 Maggie
D:8 1 transporter


Innate Abilities, Weirdness & Mutations

You have very sharp teeth.
Your uncanny sense of smell can sniff out nearby items.
Your experience applies equally to all skills.


Message History

Keep equipping yourself?
You are electrocuted!
You continue putting on your amulet of regeneration.
Your hound misses something. The orc hits your hound with a +0 club.
Your hound dies!
Your hound's corpse disappears in a puff of smoke!
Something hits you but does no damage.
You continue putting on your amulet of regeneration.
The orc priest begins to cast a cantrip, but forgets the words!
Something hits you.
You finish putting on your amulet of regeneration.
The amulet cannot attune itself to your injured body.
v - an amulet of regeneration (around neck)
You hit something but do no damage.
You hear some strange, mumbled words.
A magic dart appears from out of thin air!
The magic dart hits you!
You hit something but do no damage.
The orc priest invokes the aid of Beogh against you.
Beogh smites you! Something closely misses you.
Casting: Summon Small Mammal (safe; 1% risk of failure)
Confirm with . or Enter, or press ? or * to list all spells.
You feel a surge of power!
The orc priest invokes the aid of Beogh against you.
Beogh smites you!
* * * LOW HITPOINT WARNING * * *
You feel better.
The orc priest calls down the wrath of Beogh upon you.
Beogh smites you!
* * * LOW HITPOINT WARNING * * *
You hear some strange, mumbled words.
A magic dart appears from out of thin air!
The magic dart hits you.
* * * LOW HITPOINT WARNING * * *
You feel better. The orc barely misses you.
The orc priest looks encouraged for a moment.
Something hits you.
* * * LOW HITPOINT WARNING * * *
You are electrocuted!
You die...

# #### .
..#
#######h##
#......@{#
#......#o#
#......#.#
#.#....#o#
#.#..#†#o#
.....)†.>#
...#...#†#
.........#
##.#......


You could see an orc priest, 2 orcs and a friendly hound (summoned).

Vanquished Creatures
  Pikel (D:4)
  Grinder (D:4)
  Sigmund (D:4)
  A wyvern (D:8)
  An ice beast (D:6)
  A sky beast (D:6)
  A black bear (D:5)
  A lemure (D:4)
  2 phantoms
  Blork the orc (D:5)
  A scorpion (D:5)
  A killer bee (D:7)
  2 howler monkeys (D:7)
  3 hounds
  An orc priest (D:7)
  Jessica (D:3)
  5 iguanas
  3 orc wizards
  6 adders
  A shadow imp (D:6)
  3 white imps
  An ufetubus (D:6)
  2 worms
  2 dart slugs
  11 orcs
  14 ball pythons
  4 bats
  5 endoplasms
  4 giant cockroaches
  6 hobgoblins
  3 jackals (D:1)
  3 quokkas
  2 frilled lizards
  6 goblins
  4 kobolds
  3 rats
108 creatures vanquished.

Vanquished Creatures (collateral kills)
  2 wyverns (D:8)
  A howler monkey (D:7)
  6 orcs
  An endoplasm (D:1)
  A frilled lizard (D:1)
  A kobold (D:1)
  A rat (D:1)
13 creatures vanquished.

Vanquished Creatures (others)
  An ufetubus (D:7)
  4 fungi (D:3)
  2 plants (D:7)
7 creatures vanquished.

Grand Total: 128 creatures vanquished

Notes
Turn   | Place    | Note
-------+----------+-------------------------------------------
     0 | D:1      | Reached skill level 11 in Spellcasting
     0 | D:1      | wormed the Gnoll Wanderer began the quest for the Orb.
     0 | D:1      | wormed set off with the following items: a +0 club, a
                  | potion of brilliance, a +0 robe, a wand of flame (7); and
                  | the following spells available to memorise: Shock, Summon
                  | Small Mammal, Momentum Strike, Wereblood, Dazzling Flash,
                  | Portal Projectile.
     0 | D:1      | Reached XP level 1. HP: 13/13 MP: 12/12
     2 | D:1      | Learned a level 1 spell: Summon Small Mammal
   180 | D:1      | Reached XP level 2. HP: 16/19 MP: 12/14
   585 | D:1      | Reached XP level 3. HP: 24/25 MP: 15/15
  1030 | D:2      | Found Uzupt's Book Shoppe.
  1131 | D:2      | Reached skill level 1 in Invocations
  1362 | D:2      | Reached skill level 1 in Fighting
  1362 | D:2      | Reached skill level 1 in Short Blades
  1362 | D:2      | Reached skill level 1 in Long Blades
  1362 | D:2      | Reached skill level 1 in Axes
  1362 | D:2      | Reached skill level 1 in Maces & Flails
  1362 | D:2      | Reached skill level 1 in Polearms
  1362 | D:2      | Reached skill level 1 in Staves
  1362 | D:2      | Reached skill level 1 in Ranged Weapons
  1362 | D:2      | Reached skill level 1 in Throwing
  1362 | D:2      | Reached skill level 1 in Armour
  1362 | D:2      | Reached skill level 1 in Dodging
  1362 | D:2      | Reached skill level 1 in Stealth
  1362 | D:2      | Reached skill level 1 in Shields
  1362 | D:2      | Reached skill level 1 in Unarmed Combat
  2125 | D:3      | Reached XP level 4. HP: 25/32 MP: 17/17
  2455 | D:3      | Noticed Jessica
  2476 | D:3      | Killed Jessica
  2477 | D:3      | Reached skill level 1 in Hexes
  2477 | D:3      | Reached skill level 1 in Summonings
  2477 | D:3      | Reached skill level 1 in Necromancy
  2477 | D:3      | Reached skill level 1 in Translocations
  2477 | D:3      | Reached skill level 1 in Transmutations
  2477 | D:3      | Reached skill level 1 in Fire Magic
  2477 | D:3      | Reached skill level 1 in Ice Magic
  2477 | D:3      | Reached skill level 1 in Air Magic
  2477 | D:3      | Reached skill level 1 in Earth Magic
  2477 | D:3      | Reached skill level 1 in Poison Magic
  2835 | D:3      | Reached XP level 5. HP: 32/37 MP: 18/18
  3361 | D:4      | Noticed a lemure
  3391 | D:4      | Killed a lemure
  3433 | D:4      | Noticed Pikel
  3447 | D:4      | Noticed a lemure
  3447 | D:4      | Noticed a lemure
  3448 | D:4      | Noticed a lemure
  3454 | D:4      | Killed Pikel
  3455 | D:4      | Reached XP level 6. HP: 19/46 MP: 18/20
  3455 | D:4      | Reached XP level 7. HP: 22/51 MP: 19/22
  4179 | D:4      | Noticed Grinder
  4181 | D:4      | Paralysed by Grinder for 4 turns
  4191 | D:4      | Killed Grinder
  4192 | D:4      | Reached XP level 8. HP: 31/58 MP: 23/23
  4418 | D:4      | Noticed Sigmund
  4434 | D:4      | Killed Sigmund
  4561 | D:4      | Learned a level 3 spell: Call Canine Familiar
  4827 | D:4      | Found Ixiepso's Antique Weapon Boutique.
  5069 | D:5      | Entered Level 5 of the Dungeon
  5176 | D:5      | Noticed Blork the orc
  5298 | D:6      | Found Orizuonikh's Magic Scroll Emporium.
  5345 | D:6      | Found a staircase to the Ecumenical Temple.
  5459 | Temple   | Entered the Ecumenical Temple
  5485 | Temple   | Became a worshipper of Cheibriados the Contemplative
  5712 | D:5      | Found an ancient bone altar of Kikubaaqudgha.
  5721 | D:5      | Killed Blork the orc
  6062 | D:5      | Found a runed translucent door.
  6063 | D:5      | Noticed Crazy Yiuf
  6827 | D:6      | Reached skill level 12 in Spellcasting
  6827 | D:6      | Reached XP level 9. HP: 33/65 MP: 23/25
  7476 | D:7      | Noticed Maggie
  7852 | D:8      | Found a transporter.
  7915 | D:8      | Reached * piety under Cheibriados
  7937 | D:8      | Identified the +1 robe of Light {Rampage rPois Str-3
                  | Archmagi}
  8335 | D:7      | Reached skill level 5 in Invocations
  8349 | D:7      | HP: 2/66 [something/magic dart (2)]
  8350 | D:7      | Slain by an orc wizard

Illustrated notes

Levels and vault maps discovered:
D:1:      dpeg_arrival_rhombus, layout_basic
D:2:      layout_basic, serial_shops, nicolae_shop_hallway_plus
D:3:      layout_basic, minmay_shallow_snake_nest, uniq_jessica
D:4:      layout_layer_cave, serial_shops, shop,
          hangedman_abyss_or_decor_stagger, minmay_box_of_dots, uniq_sigmund,
          uniq_pikel, uniq_grinder
D:5:      layout_cave_pools, mainiacjoe_overflow_cross_hatched,
          serial_column_ruins, column_ruins_pillar_1, column_ruins_pillar_7,
          column_ruins_pillar_1, column_ruins_pillar_2, column_ruins_pillar_7,
          column_ruins_pillar_2, column_ruins_pillar_6, column_ruins_pillar_3,
          column_ruins_pillar_3, column_ruins_pillar_2, column_ruins_pillar_8,
          column_ruins_pillar_1, column_ruins_pillar_2,
          minmay_misc_feat_more_columns, minmay_holes, uniq_blork_the_orc,
          uniq_crazy_yiuf_cottage
D:6:      layout_cave_pods, minmay_temple_entry_grid, serial_shops,
          nicolae_take_the_stairs
D:7:      layout_basic, nicolae_ossuary_entry_monument, serial_bayou_ford_a,
          uniq_maggie
D:8:      layout_cave_pools, erik_lair_dragon, gammafunk_ghost_abyssal_escape
Temple:   compressed_dpeg_triangle_lava_temple

Skill      XL: |  1  2  3  4  5  6  7  8  9 |
---------------+----------------------------+-----
Spellcasting   | 12 | 12.1
Conjurations   | 2 3 4 |  4.3
Invocations    | 1 2 3 4 5 |  5.0
Fighting       | 1 2 3 4 |  4.5
Short Blades   | 1 2 3 4 |  4.5
Long Blades    | 1 2 3 4 |  4.5
Axes           | 1 2 3 4 |  4.5
Maces & Flails | 1 2 3 4 |  4.5
Polearms       | 1 2 3 4 |  4.5
Staves         | 1 2 3 4 |  4.5
Ranged Weapons | 1 2 3 4 |  4.5
Throwing       | 1 2 3 4 |  4.5
Armour         | 1 2 3 4 |  4.5
Dodging        | 1 2 3 4 |  4.5
Stealth        | 1 2 3 4 |  4.5
Shields        | 1 2 3 4 |  4.5
Unarmed Combat | 1 2 3 4 |  4.5
Hexes          | 1 2 3 |  3.7
Summonings     | 1 2 3 |  3.7
Necromancy     | 1 2 3 |  3.7
Translocations | 1 2 3 |  3.7
Transmutations | 1 2 3 |  3.7
Fire Magic     | 1 2 3 |  3.7
Ice Magic      | 1 2 3 |  3.7
Air Magic      | 1 2 3 |  3.7
Earth Magic    | 1 2 3 |  3.7
Poison Magic   | 1 2 3 |  3.7
Evocations     | 7 8 |  8.0

Action                     |  1- 3 |  4- 6 |  7- 9 || total
---------------------------+-------+-------+-------++-------
  Melee: Club              |     8 |       |       ||     8
         Dagger            |     7 |    87 |       ||    94
         Quarterstaff      |    89 |    53 |       ||   142
         Bite              |    10 |    10 |    44 ||    64
         Punch             |     1 |     1 |    20 ||    22
         Whip              |       |       |   282 ||   282
         Staff             |       |       |    53 ||    53
  Throw: Dart              |       |       |     4 ||     4
   Cast: Summon Small Mamm |    10 |       |     7 ||    17
         Call Canine Famil |       |       |    12 ||    12
  Evoke: Wand              |     6 |     3 |     7 ||    16
    Use: Scroll            |     7 |     3 |    11 ||    21
         Potion            |       |     1 |     6 ||     7
   Stab: Sleeping          |       |       |     7 ||     7
         Paralysed         |       |       |     9 ||     9
         Distracted        |       |       |     3 ||     3
 Armour: Robe              |     6 |     8 |    28 ||    42
         Leather armour    |    31 |    12 |       ||    43
  Dodge: Dodged            |   100 |   102 |   255 ||   457

Table legend: (Time is in decaauts)
 A = Elapsed time spent in this place.
 B = Non-inter-level travel time spent in this place.
 C = Inter-level travel time spent in this place.
 D = Time resting spent in this place.
 E = Time spent auto-exploring this place.
 F = Levels seen in this place.
 G = Mean time per level.
                   A        B        C        D        E       F      G
               +--------+--------+--------+--------+--------+-----+--------+
         Total |   8800 |   8529 |    271 |    349 |   6633 |   9 |  977.8 |
       Dungeon |   8757 |   8501 |    256 |    349 |   6633 |   8 | 1094.6 |
        Temple |     43 |     28 |     15 |      0 |      0 |   1 |   43.0 |
               +--------+--------+--------+--------+--------+-----+--------+

Top non-repeatable levels by time:
     D:4: 1785 daAuts
     D:3: 1218 daAuts
     D:5: 1212 daAuts
     D:6: 1204 daAuts
     D:2: 1157 daAuts
     D:1: 935 daAuts
     D:8: 677 daAuts
     D:7: 566 daAuts
  Temple: 43 daAuts
